 Dungeon Crawl Stone Soup version 0.30-a0-715-gdb4ae3ece1 (webtiles) character file.

Game seed: 12551945753393633549

2 purpskrrrp the Caller (level 1, -1/13 HPs)
             Began as a Demonspawn Summoner on Jan 24, 2023.
             Frozen to death by an endoplasm (4 damage)
             ... on level 1 of the Dungeon.
             The game lasted 00:00:42 (111 turns).

purpskrrrp the Caller (Demonspawn Summoner)          Turns: 111, Time: 00:00:42

Health: -1/13      AC:  2    Str:  8    XL:     1   Next: 33%
Magic:  3/3        EV: 12    Int: 16    God:
Gold:   16         SH:  0    Dex: 13    Spells: 3/4 levels left

rFire   . . .      SeeInvis .    c - +0 club
rCold   . . .      Faith    .    (no shield)
rNeg    . . .      Spirit   .    a - +0 robe
rPois   .          Reflect  .    (no helmet)
rElec   .          Harm     .    (no cloak)
rCorr   .          Rampage  .    (no gloves)
Will    .....                    (no boots)
Stlth   ++                       (no amulet)
HPRegen 0.22/turn                (no ring)
MPRegen 0.08/turn                (no ring)

@: no status effects
A: no striking features
a: no special abilities


You were on level 1 of the Dungeon.
You visited 1 branch of the dungeon, and saw 1 of its levels.

You collected 16 gold pieces.

Inventory:

Hand Weapons
 c - a +0 club (weapon)
Armour
 a - a +0 robe (worn)


   Skills:
 + Level 1.8 Dodging
 + Level 1.8 Stealth
 + Level 2.0 Spellcasting
 + Level 4.0 Summonings


You had 3 spell levels left.
You knew the following spells:

 Your Spells              Type           Power      Damage    Failure   Level
a - Summon Small Mammal   Summ           56%        N/A       4%          1

Your spell library contained the following spells:

 Spells                   Type           Power      Damage    Failure   Level
 Call Imp                 Summ           14%        N/A       6%          2
 Call Canine Familiar     Summ           14%        N/A       12%         3
 Summon Guardian Golem    Hex/Summ       8%         N/A       26%         3
 Summon Lightning Spire   Summ/Air       8%         N/A       65%         4


Dungeon Overview and Level Annotations

Branches:
Dungeon (1/15)

Altars:


Message History

The endoplasm hits your rat.
Your rat dies!
Your rat's corpse disappears in a puff of smoke!
The hobgoblin hits you. The hobgoblin closely misses you.
You closely miss the hobgoblin.
The hobgoblin is moderately wounded.
Your quokka bites the hobgoblin.
The endoplasm hits you. The hobgoblin hits your quokka.
Your quokka closely misses the hobgoblin.
You closely miss the hobgoblin.
The hobgoblin is severely wounded.
Your quokka barely misses the hobgoblin.
The endoplasm completely misses you.
The hobgoblin hits you but does no damage.
You completely miss the hobgoblin.
The hobgoblin is severely wounded.
Your quokka closely misses the hobgoblin.
The endoplasm freezes you.
You are frozen.
The hobgoblin barely misses you.
Your quokka closely misses the hobgoblin.
The hobgoblin closely misses you. The endoplasm freezes you.
You are frozen.
Found a stone staircase leading down.
Your quokka bites the hobgoblin.
The hobgoblin hits you but does no damage.
The hobgoblin attacks as you move away!
The hobgoblin hits you but does no damage.
Your quokka barely misses the hobgoblin.
Your quokka closely misses the hobgoblin.
You hit the endoplasm.
The endoplasm is lightly wounded.
Your quokka barely misses the hobgoblin.
The endoplasm freezes you.
You are frozen.
* * * LOW HITPOINT WARNING * * *
Magic courses through your body.
Your quokka closely misses the hobgoblin.
The endoplasm freezes you.
You are frozen.
You die...

....#. ..#.#
......########..#.#
...............>#.# ##
................#.#####.
#.............#.#...[.
#....†r.....(.#.#.###.
#...#rg....#..#.#.# #.
#.. #J####.# #.#.###.
... #@# ##.####..)....
### #.# #.......#.####
#.# #######.#.# #.#
#.#.# #.# #.#.#### .>.
#.#..... #.# #.######
... ... # #.# #


You could see an endoplasm, a hobgoblin (ally target), a rat and a friendly
quokka (summoned).

Vanquished Creatures (collateral kills)
  2 goblins (D:1)
2 creatures vanquished.

Notes
Turn   | Place    | Note
-------+----------+-------------------------------------------
     0 | D:1      | purpskrrrp the Demonspawn Summoner began the quest for the
                  | Orb.
     0 | D:1      | Reached XP level 1. HP: 13/13 MP: 3/3
   111 | D:1      | Frozen to death by an endoplasm

Illustrated notes

Levels and vault maps discovered:
D:1:      saegor_arrival_simple_c, layout_basic, chequers_ecumenical_altar_grove

Action                     || total
---------------------------++-------
  Melee: Club              ||     6
         Unarmed           ||     1
   Cast: Summon Small Mamm ||     7
    Use: Potion            ||     1
 Armour: Robe              ||     3
  Dodge: Dodged            ||     4

Table legend: (Time is in decaauts)
 A = Elapsed time spent in this place.
 B = Non-inter-level travel time spent in this place.
 C = Inter-level travel time spent in this place.
 D = Time resting spent in this place.
 E = Time spent auto-exploring this place.
 F = Levels seen in this place.
 G = Mean time per level.
                   A        B        C        D        E       F      G
               +--------+--------+--------+--------+--------+-----+--------+
         Total |    112 |    112 |      0 |      0 |     70 |   1 |  112.0 |
       Dungeon |    112 |    112 |      0 |      0 |     70 |   1 |  112.0 |
               +--------+--------+--------+--------+--------+-----+--------+

Top non-repeatable levels by time:
     D:1: 112 daAuts
